Selects Advanced Infantry Battlegroup
Selects Convert to Ranger Squad
Construct Weapon Support Center
M3 Armored Personnel Carrier
M3 Armored Personnel Carrier
Selects Frontline Medical Station
Frontline Medical Station
Improved M9 Bazooka Rockets
Selects Ranger Weapon Training
Selects Ammunition Storage
Selects M2A1 105mm Howitzer Emplacement
Selects 155mm Rapid Artillery Barrage
M4(105) Sherman Bulldozer
M4(105) Sherman Bulldozer
Frontline Medical Station
155mm Rapid Artillery Barrage
155mm Rapid Artillery Barrage
155mm Rapid Artillery Barrage
Frontline Medical Station